 Dungeon Crawl Stone Soup version 0.31.0-32-g396128a36d (webtiles) character file.

Game seed: 16866599617256603530

1796 Peloso the Carver (level 8, -2/71 HPs)
             Began as a Minotaur Fighter on Apr 1, 2024.
             Was a Priest of Okawaru.
             Slain by an ogre
             ... wielding a +0 giant club
              (15 damage)
             ... on level 7 of the Dungeon.
             The game lasted 00:10:31 (4888 turns).

Peloso the Carver (Minotaur Fighter)                Turns: 4888, Time: 00:10:32

Health: -2/71      AC: 14    Str: 26    XL:     8   Next: 83%
Magic:  7/7        EV:  7    Int:  5    God:    Okawaru [***...]
Gold:   399        SH:  5    Dex: 13    Spells: 7/7 levels left

rFire   . . .        a - +0 long sword
rCold   . . .        d - +0 buckler
rNeg    . . .        c - +0 plate armour
rPois   .            (helmet restricted)
rElec   .            (no cloak)
rCorr   .            m - +0 pair of gloves
SInv    .            (no boots)
Will    .....        (no amulet) Stlth
                     n - +6 ring of strength
HPRegen 0.31/turn    (no ring)
MPRegen 0.10/turn

%: no passive effects
@: no status effects
A: horns 2, retaliatory headbutt
a: Renounce Religion, Heroism


You were on level 7 of the Dungeon.
You worshipped Okawaru.
Okawaru was most pleased with you.
You visited 1 branch of the dungeon, and saw 7 of its levels.

You collected 399 gold pieces.

Inventory:

Hand Weapons
 a - a +0 long sword (weapon)
Missiles
 g - 2 throwing nets (quivered)
Armour
 b - a +0 scale mail
 c - a +0 plate armour (worn)
 d - a +0 buckler (worn)
 m - a +0 pair of gloves (worn)
Jewellery
 n - a +6 ring of strength (left hand)
 t - a +6 ring of intelligence
Talismans
 f - the serpent talisman of the Rose {rC+ Int+4}
   (You found it on level 4 of the Dungeon)

   [serpent talisman]

   Int+4:     It affects your intelligence (+4).
   rC+:       It protects you from cold.
Wands
 e - a wand of mindburst (14)
 k - a wand of flame (24)
Scrolls
 h - 2 scrolls of teleportation
 j - 2 scrolls of fear {unknown}
 p - 2 scrolls of enchant weapon
 s - 2 scrolls of acquirement {unknown}
 v - a scroll of brand weapon {unknown}
 w - a scroll of vulnerability {unknown}
Potions
 i - 3 potions of might
 l - 3 potions of curing
 o - a potion of ambrosia
 q - 3 potions of heal wounds
 r - 2 potions of mutation {unknown}
 u - a potion of resistance {unknown}
 x - a potion of magic {unknown}


   Skills:
 + Level 6.6 Fighting
 + Level 9.6 Long Blades
 + Level 7.3 Armour
 + Level 1.5 Dodging
 + Level 0.6 Stealth
 + Level 6.0 Shields


You had 7 spell levels left.
You didn't know any spells.
Your spell library contained the following spells:

 Spells                   Type           Power      Damage    Failure   Level
 Dazzling Flash           Conj/Hex       0%         N/A       100%        3
 Mephitic Cloud           Conj/Alch/Air  0%         N/A       100%        3
 Curse of Agony           Necr           0%         N/A       100%        5
 Silence                  Hex/Air        0%         N/A       100%        5


Dungeon Overview and Level Annotations

Branches:
Dungeon (7/15)             Temple (0/1) D:5

Altars:
Dithmenos
Elyvilon
Fedhas
Hepliaklqana
Kikubaaqudgha
Nemelex Xobeh
Okawaru
The Shining One


Innate Abilities, Weirdness & Mutations

You have a pair of horns on your head.
You reflexively headbutt those who attack you in melee.


Message History

You closely miss something. Your headbutt misses something.
Something hits you but does no damage.
You hit something. Something hits you but does no damage.
You hit something. Okawaru accepts your kill.
Reactivating autopickup.
You feel a bit more experienced.
You hit the orc.
The orc is lightly wounded.
The orc barely misses you. You furiously retaliate!
You headbutt the orc!
You kill the orc!
Okawaru accepts your kill.
You hit the orc.
The orc is heavily wounded.
The orc hits you with a +0 whip of electrocution.
You are electrocuted!!
You hit the orc but do no damage.
The orc is heavily wounded.
The orc hits you but does no damage.
You slash the orc!
You kill the orc!
Items here: )))) [[ †††.
Okay, then.
Items here: ( )) [.
Okay, then.
Items here: ))) [[ ††.
Items here: ( )) [.
Items here: )))) [[ †††.
You see here a +0 flail.
An ogre comes into view. It is wielding a +0 giant club.
You barely miss the ogre.
You headbutt the ogre, but do no damage.
The ogre hits you with a +0 giant club!!
* * * LOW HITPOINT WARNING * * *
You hit the ogre.
The ogre is lightly wounded.
You slash the ogre! You headbutt the ogre!
The ogre is almost dead.
The ogre hits you with a +0 giant club!
You die...

#.....# #.#.# .....#
#.....######.#.### .....#
#.....##.......... .....#
#...).##.....#.### .....#
#.....##.........# .....#
#...........#..#.# .....#
#...........#..#.#
.....###########...........#..#.#
......)).)).....@O.......>.#....#
.....###########......:....##...#
..#### ########....##.#.# ..#
##.!.##.#<# ### ...##.### # # # #
# ##


You could see an ogre.

Vanquished Creatures
  2 water moccasins
  2 orc warriors
  A centaur (D:5)
  2 ogres
  A phantom (D:6)
  A scorpion (D:6)
  3 killer bees
  2 hounds
  A jelly (D:5)
  2 bombardier beetles
  2 orc priests
  Jessica (D:2)
  Terence (D:2)
  4 iguanas
  A sleepcap (D:6)
  7 orc wizards
  A mummy (D:6)
  4 gnolls (D:5)
  10 adders
  A shadow imp (D:5)
  A white imp (D:5)
  A dart slug (D:5)
  4 ribbon worms
  23 orcs
  5 ball pythons
  6 bats
  4 endoplasms
  2 giant cockroaches
  4 hobgoblins
  8 jackals
  5 kobolds
  7 quokkas
  6 goblins
  A hobgoblin zombie (D:6)
  2 kobold zombies (D:6)
  An orc zombie (D:6)
  2 rats
131 creatures vanquished.

Vanquished Creatures (others)
  A scorpion (D:6)
1 creature vanquished.

Grand Total: 132 creatures vanquished

Notes
Turn   | Place    | Note
-------+----------+-------------------------------------------
     0 | D:1      | Peloso the Minotaur Fighter began the quest for the Orb.
     0 | D:1      | Reached XP level 1. HP: 19/19 MP: 0/0
   130 | D:1      | Reached XP level 2. HP: 18/27 MP: 1/1
   663 | D:2      | Found a blossoming altar of Fedhas.
   798 | D:2      | Reached skill level 3 in Long Blades
   832 | D:2      | Reached XP level 3. HP: 33/33 MP: 2/2
   947 | D:2      | Noticed Jessica
   953 | D:2      | Killed Jessica
   990 | D:2      | Reached XP level 4. HP: 40/40 MP: 3/3
  1006 | D:2      | Noticed Terence
  1197 | D:2      | Killed Terence
  1198 | D:2      | Reached skill level 4 in Long Blades
  1504 | D:3      | Reached XP level 5. HP: 15/47 MP: 4/4
  2158 | D:3      | Reached skill level 5 in Fighting
  2457 | D:4      | Found a sparkling altar of Nemelex Xobeh.
  2463 | D:4      | Found an iron altar of Okawaru.
  2463 | D:4      | Found a glowing golden altar of the Shining One.
  2481 | D:4      | Found an ancient bone altar of Kikubaaqudgha.
  2484 | D:4      | Found a hazy altar of Hepliaklqana.
  2493 | D:4      | Became a worshipper of Warmaster Okawaru
  2570 | D:4      | Identified the serpent talisman of the Rose {rC+ Int+4}
  2949 | D:4      | Found a white marble altar of Elyvilon.
  2950 | D:4      | Noticed a water moccasin
  2962 | D:4      | Killed a water moccasin
  2963 | D:4      | Reached skill level 5 in Armour
  2963 | D:4      | Reached XP level 6. HP: 20/56 MP: 5/5
  3247 | D:5      | Entered Level 5 of the Dungeon
  3306 | D:5      | Reached skill level 5 in Long Blades
  3357 | D:5      | Reached * piety under Okawaru
  3382 | D:5      | Reached skill level 6 in Long Blades
  3382 | D:5      | Reached XP level 7. HP: 54/61 MP: 6/6
  3559 | D:5      | Reached skill level 5 in Shields
  3562 | D:5      | Reached skill level 7 in Long Blades
  3630 | D:5      | Found a staircase to the Ecumenical Temple.
  3865 | D:5      | Reached ** piety under Okawaru
  3989 | D:6      | Reached XP level 8. HP: 63/70 MP: 7/7
  3991 | D:6      | Reached skill level 8 in Long Blades
  4012 | D:6      | Reached skill level 1 in Dodging
  4119 | D:6      | Found a shadowy altar of Dithmenos.
  4413 | D:6      | Reached skill level 9 in Long Blades
  4856 | D:7      | Reached *** piety under Okawaru
  4888 | D:7      | Slain by an ogre

Illustrated notes

Levels and vault maps discovered:
D:1:      scummos_arrival_star, layout_rooms
D:2:      layout_basic, basic_altar, uniq_jessica, uniq_terence
D:3:      kb_forest_paths, layout_loops_ring
D:4:      layout_loops_ring, mainiacjoe_overflow_brackets,
          minmay_overflow_temple_star_hex, chequers_serial_rivers_micro_e
D:5:      layout_basic, minmay_temple_entry_enclosed_plants, corexii_shack
D:6:      layout_rooms, mainiacjoe_overflow_boulevard, minmay_mini_ossuary
D:7:      layout_basic, enter_bailey_2, nrook_mini_backslash

Skill      XL: |  1  2  3  4  5  6  7  8 |
---------------+-------------------------+-----
Fighting       | 4 5 6 |  6.6
Shields        | 4 5 6 |  6.0
Long Blades    | 3 4 6 7 9 |  9.6
Armour         | 4 5 6 7 |  7.3
Dodging        | 1 |  1.5
Stealth        | |  0.6

Action                     |  1- 3 |  4- 6 |  7- 9 || total
---------------------------+-------+-------+-------++-------
  Melee: Long sword        |    69 |   147 |   218 ||   434
         Headbutt          |     8 |    25 |    38 ||    71
  Evoke: Wand              |       |       |     3 ||     3
    Use: Scroll            |     2 |     5 |       ||     7
         Potion            |     2 |       |       ||     2
 Armour: Scale mail        |    11 |       |       ||    11
         Plate armour      |    62 |   110 |   166 ||   338
  Dodge: Dodged            |    23 |    48 |    67 ||   138
  Block: Buckler           |    25 |    32 |    49 ||   106
